 Dungeon Crawl Stone Soup version 0.21.1-1-g345015f (webtiles) character file.

1227 tidbits the Grave Robber (level 8, -3/58 HPs)
             Began as a Gnoll Necromancer on June 16, 2018.
             Was a Believer of Cheibriados.
             Shot with an arrow by a centaur (16 damage)
             ... on level 8 of the Dungeon on June 17, 2018.
             The game lasted 00:19:32 (1404 turns).

tidbits the Grave Robber (Gnoll Necromancer)        Turns: 1404, Time: 00:19:33

Health: -3/58      AC:  3    Str: 17    XL:     8   Next: 48%
Magic:  1/17       EV: 17    Int: 25    God:    Cheibriados [**....]
Gold:   86         SH:  0    Dex: 22    Spells: 6/19 levels left

rFire    . . .     SeeInvis .   a - +0 rapier
rCold    . . .     Gourm    .   (no shield)
rNeg     . . .     Faith    .   f - +0 robe
rPois    .         Spirit   .   (no helmet)
rElec    .         Reflect  .   (no cloak)
rCorr    +         Harm     .   (no gloves)
MR       .....                  G - +0 pair of boots
Stlth    +++.......             (no amulet)
HPRegen  1.19/turn              d - ring of resist corrosion
MPRegen  0.15/turn              (no ring)

@: marked, regenerating, very slow
A: distributed training, fangs 1, strong nose
a: Bend Time, Renounce Religion


You were on level 8 of the Dungeon.
You worshipped Cheibriados.
Cheibriados was pleased with you.
You were not hungry.

You visited 2 branches of the dungeon, and saw 9 of its levels.

You collected 86 gold pieces.

Inventory:

Hand Weapons
 a - a +0 rapier (weapon)
 l - a +3 blowgun
 m - a +0 club
 o - a +0 flail
 s - a +0 short sword
 v - a +0 war axe
Missiles
 j - 3 curare-tipped needles
 n - 11 poisoned needles
 p - 9 tomahawks (quivered)
 u - 18 arrows
 B - 2 throwing nets {!f}
Armour
 e - a +0 ring mail
 f - a +0 robe (worn)
 A - a +0 pair of gloves
 G - a +0 pair of boots (worn)
Jewellery
 d - a ring of resist corrosion (left hand)
   (You found it on level 1 of the Dungeon)
Wands
 q - a wand of iceblast (15)
Scrolls
 g - 4 scrolls of magic mapping
 h - a scroll of teleportation
 r - 3 scrolls of remove curse
 t - a scroll of amnesia
 x - a scroll of noise
Potions
 i - a potion of curing
 k - 3 potions of haste
 z - 2 potions of flight
Books
 b - a book of Necromancy

   Spells                             Type                      Level
   a - Pain                           Necromancy                   1
   b - Animate Skeleton               Necromancy                   1
   c - Vampiric Draining              Necromancy                   3
   d - Regeneration                   Charms/Necromancy            3
   e - Animate Dead                   Necromancy                   4
   f - Borgnjor's Vile Clutch         Necromancy/Earth             5
Comestibles
 c - 7 rations


   Skills:
 + Level 3.2 Fighting
 + Level 3.2 Short Blades
 + Level 3.2 Long Blades
 + Level 3.2 Axes
 + Level 3.2 Maces & Flails
 + Level 3.2 Polearms
 + Level 3.2 Staves
 + Level 3.2 Slings
 + Level 3.2 Bows
 + Level 3.2 Crossbows
 + Level 3.2 Throwing
 + Level 3.2 Armour
 + Level 5.6 Dodging
 + Level 5.3 Stealth
 + Level 3.2 Shields
 + Level 3.2 Unarmed Combat
 + Level 6.0 Spellcasting
 + Level 2.6 Conjurations
 + Level 2.6 Hexes
 + Level 2.6 Charms
 + Level 2.6 Summonings
 + Level 7.6 Necromancy
 + Level 2.6 Translocations
 + Level 2.6 Transmutations
 + Level 2.6 Fire Magic
 + Level 2.6 Ice Magic
 + Level 2.6 Air Magic
 + Level 2.6 Earth Magic
 + Level 2.6 Poison Magic
 + Level 3.5 Invocations
 + Level 3.2 Evocations


You had 6 spell levels left.
You knew the following spells:

 Your Spells              Type           Power        Failure   Level  Hunger
a - Pain                  Necr           ####         1%          1    None
d - Vampiric Draining     Necr           #####.....   1%          3    None
n - Animate Skeleton      Necr           N/A          1%          1    None
r - Regeneration          Chrm/Necr      ####......   2%          3    None
v - Borgnjor's Vile Clut  Necr/Erth      ####......   24%         5    #####..


Dungeon Overview and Level Annotations

Branches:
Dungeon (8/15)             Temple (1/1) D:4
   Lair: D:8-11

Altars:
Ashenzari
Cheibriados
Dithmenos
Nemelex Xobeh
Qazlal
Uskayaw
Wu Jian
Xom
Yredelemnul
Zin


Innate Abilities, Weirdness & Mutations

Your experience applies equally to all skills.
You have very sharp teeth.
Your uncanny sense of smell can sniff out nearby items.


Message History

Okay, then.
Okay, then.
Unknown command.
Okay, then.
Evoke which item? (* to show all) (? for menu, Esc to quit)
Aiming: Scattershot
Press: ? - help, Shift-Dir - straight line, f - wight
Aim: a wight, wielding a halberd of freezing and wearing a robe
Okay, then.
Evoke which item? (* to show all) (? for menu, Esc to quit)
Aiming: Iceblast
Press: ? - help, Shift-Dir - straight line, f - wight
Aim: a wight, wielding a halberd of freezing and wearing a robe The mass of ice explodes!
The iceblast engulfs the wight.
The wight partially resists.
The wight is lightly damaged.
The iceblast engulfs the wight.
The wight partially resists.
The wight is moderately damaged.
The iceblast engulfs the wight.
The wight partially resists.
The wight is severely damaged.
The iceblast engulfs the wight.
The wight partially resists.
The wight is heavily damaged.
The orc wizard begins to cast a cantrip, but forgets the words!
The wight hits you from afar with a halberd of freezing!
* * * LOW HITPOINT WARNING * * *
You feel drained.
* * * LOW HITPOINT WARNING * * *
The wight freezes you.
* * * LOW HITPOINT WARNING * * *
The orc moves out of view.
Unknown command.
You feel better. The wight barely misses you.
An orc comes into view. It is wielding a club.
Unknown command.
Evoke which item? (* to show all) (? for menu, Esc to quit)
Aiming: Iceblast
Press: ? - help, Shift-Dir - straight line, f/p - wight
Aim: a wight, wielding a halberd of freezing and wearing a robe (lightly damaged)
The mass of ice explodes!
The iceblast engulfs the wight.
The wight partially resists.
The wight is moderately damaged.
The iceblast engulfs the wight.
The wight partially resists.
The wight is almost destroyed.
The iceblast engulfs the wight.
The wight partially resists.
You destroy the wight!
Cheibriados appreciates the change of pace.
The iceblast engulfs the wight.
The wight partially resists.
You destroy the wight!
Cheibriados appreciates the change of pace.
Your base Spellcasting skill increases to level 6!
The orc wizard casts a spell.
The orc wizard seems to speed up.
The wight barely misses you.
Unknown command.
Casting: Regeneration
Confirm with . or Enter, or press ? or * to list all spells.
Your skin crawls.
The orc wizard casts a spell.
The orc wizard flickers and vanishes!
Unknown command.
Evoke which item? (* to show all) (? for menu, Esc to quit)
Aiming: Iceblast
Press: ? - help, Shift-Dir - straight line, f/p - wight
Aim: a wight, wielding a halberd of freezing and wearing a robe (moderately damaged)
The mass of ice explodes!
The iceblast engulfs the wight.
The wight partially resists.
The wight is severely damaged.
The iceblast engulfs the wight.
The wight partially resists.
You destroy the wight!
Cheibriados appreciates the change of pace.
The iceblast engulfs the centaur.
The centaur is heavily wounded.
The wight completely misses you.
A crimson imp comes into view.
As you read the scroll of fog, it crumbles to dust.
The scroll dissolves into smoke.
The wight misses you.
The wight hits you from afar with a halberd of freezing!
* * * LOW HITPOINT WARNING * * *
The wight freezes you.
* * * LOW HITPOINT WARNING * * *
Evoke which item? (* to show all) (? for menu, Esc to quit)
Aiming: Scattershot
Press: ? - help, Shift-Dir - straight line, f/p - wight
Aim: a wight, wielding a halberd of freezing and wearing a robe (black smoke, severely damaged)
The burst of metal fragments hits the wight. x5
You destroy the wight!
Cheibriados thoroughly appreciates the change of pace.
Cheibriados raises the support of your attributes as your movement slows.
Your life force feels restored.
The now-empty wand crumbles to dust.
Unknown command.
You feel better. Something hits you.
* * * LOW HITPOINT WARNING * * *
Casting: Regeneration
Confirm with . or Enter, or press ? or * to list all spells.
Aiming: Vampiric Draining
Press: ? - help, Shift-Dir - straight line, f - you You feel life coursing into your body.
The centaur wields a shortbow.
The centaur shoots an arrow.
The arrow hits you!
You die...

### ..#.......
#.#....... #..........##
#.#..........
#.#..5....... .
#.#..z.....<.
....########)z.#o...####
......§@{c§§c..zz#
###.########)..#o# #...#
# ∆ ...... ###..#.#
#..#.# # #..# # #..#


You could see a centaur.

Vanquished Creatures
  A hippogriff (D:7)
  An ogre (D:5)
  4 bullfrogs
  A gnoll sergeant (D:7)
  5 wights (D:8)
  2 hounds
  A jelly (D:7)
  A centaur skeleton (D:6)
  An orc priest (D:5)
  2 orc wizards
  Ijyb (D:4)
  An iguana (D:7)
  2 worker ants
  2 hound skeletons
  3 gnolls (D:7)
  A howler monkey skeleton (D:6)
  An adder (D:7)
  A dart slug (D:1)
  2 leopard geckos
  15 orcs
  A ball python (D:3)
  3 giant cockroaches
  A goblin (D:2)
  A hobgoblin (D:1)
  16 jackals
  A kobold (D:3)
  3 quokkas
  3 bats
  2 frilled lizards
  A jackal skeleton (D:5)
  A rat (D:1)
81 creatures vanquished.

Vanquished Creatures (collateral kills)
  A jelly (D:8)
1 creature vanquished.

Grand Total: 82 creatures vanquished

Notes
Turn   | Place    | Note
-------+----------+-------------------------------------------
     0 | D:1      | tidbits the Gnoll Necromancer began the quest for the Orb.
     0 | D:1      | Reached XP level 1. HP: 13/13 MP: 6/6
   112 | D:1      | Reached XP level 2. HP: 13/19 MP: 2/7
   118 | D:1      | Learned a level 1 spell: Animate Skeleton
   438 | D:3      | Reached XP level 3. HP: 21/25 MP: 3/9
   443 | D:3      | Learned a level 3 spell: Vampiric Draining
   447 | D:3      | Learned a level 3 spell: Regeneration
   534 | D:4      | Reached skill level 5 in Spellcasting
   562 | D:4      | Noticed an ice beast
   567 | D:4      | Found a staircase to the Ecumenical Temple.
   577 | Temple   | Entered the Ecumenical Temple
   586 | Temple   | Became a worshipper of Cheibriados the Contemplative
   663 | D:4      | Noticed Ijyb
   674 | D:4      | Killed Ijyb
   674 | D:4      | Reached skill level 1 in Fighting
   674 | D:4      | Reached skill level 1 in Short Blades
   674 | D:4      | Reached skill level 1 in Long Blades
   674 | D:4      | Reached skill level 1 in Axes
   674 | D:4      | Reached skill level 1 in Maces & Flails
   674 | D:4      | Reached skill level 1 in Polearms
   674 | D:4      | Reached skill level 1 in Staves
   674 | D:4      | Reached skill level 1 in Slings
   674 | D:4      | Reached skill level 1 in Bows
   674 | D:4      | Reached skill level 1 in Crossbows
   674 | D:4      | Reached skill level 1 in Throwing
   674 | D:4      | Reached skill level 1 in Armour
   674 | D:4      | Reached skill level 1 in Shields
   674 | D:4      | Reached skill level 1 in Unarmed Combat
   674 | D:4      | Reached skill level 1 in Invocations
   674 | D:4      | Reached skill level 1 in Evocations
   685 | D:5      | Entered Level 5 of the Dungeon
   685 | D:5      | Noticed an ogre
   694 | D:5      | Killed an ogre
   694 | D:5      | Reached skill level 1 in Conjurations
   694 | D:5      | Reached skill level 1 in Hexes
   694 | D:5      | Reached skill level 1 in Charms
   694 | D:5      | Reached skill level 1 in Summonings
   694 | D:5      | Reached skill level 1 in Translocations
   694 | D:5      | Reached skill level 1 in Transmutations
   694 | D:5      | Reached skill level 1 in Fire Magic
   694 | D:5      | Reached skill level 1 in Ice Magic
   694 | D:5      | Reached skill level 1 in Air Magic
   694 | D:5      | Reached skill level 1 in Earth Magic
   694 | D:5      | Reached skill level 1 in Poison Magic
   694 | D:5      | Reached XP level 4. HP: 26/32 MP: 0/11
   694 | D:5      | Reached XP level 5. HP: 30/37 MP: 0/12
   811 | D:5      | Reached * piety under Cheibriados
   838 | D:5      | Reached skill level 2 in Invocations
   838 | D:5      | Reached XP level 6. HP: 35/44 MP: 1/13
   966 | D:6      | Reached skill level 5 in Dodging
   968 | D:6      | Found a stormy altar of Qazlal.
   980 | D:6      | Reached skill level 2 in Fighting
   980 | D:6      | Reached skill level 2 in Short Blades
   980 | D:6      | Reached skill level 2 in Long Blades
   980 | D:6      | Reached skill level 2 in Axes
   980 | D:6      | Reached skill level 2 in Maces & Flails
   980 | D:6      | Reached skill level 2 in Polearms
   980 | D:6      | Reached skill level 2 in Staves
   980 | D:6      | Reached skill level 2 in Slings
   980 | D:6      | Reached skill level 2 in Bows
   980 | D:6      | Reached skill level 2 in Crossbows
   980 | D:6      | Reached skill level 2 in Throwing
   980 | D:6      | Reached skill level 2 in Armour
   980 | D:6      | Reached skill level 2 in Shields
   980 | D:6      | Reached skill level 2 in Unarmed Combat
   980 | D:6      | Reached skill level 2 in Evocations
  1020 | D:6      | Reached XP level 7. HP: 31/50 MP: 13/15
  1077 | D:6      | Learned a level 5 spell: Borgnjor's Vile Clutch
  1130 | D:5      | Found a sparkling altar of Nemelex Xobeh.
  1138 | D:5      | You fall through a shaft!
  1148 | D:6      | Reached ** piety under Cheibriados
  1221 | D:7      | Noticed a hippogriff
  1225 | D:7      | Killed a hippogriff
  1225 | D:7      | Reached skill level 2 in Conjurations
  1225 | D:7      | Reached skill level 2 in Hexes
  1225 | D:7      | Reached skill level 2 in Charms
  1225 | D:7      | Reached skill level 2 in Summonings
  1225 | D:7      | Reached skill level 2 in Translocations
  1225 | D:7      | Reached skill level 2 in Transmutations
  1225 | D:7      | Reached skill level 2 in Fire Magic
  1225 | D:7      | Reached skill level 2 in Ice Magic
  1225 | D:7      | Reached skill level 2 in Air Magic
  1225 | D:7      | Reached skill level 2 in Earth Magic
  1225 | D:7      | Reached skill level 2 in Poison Magic
  1231 | D:7      | Reached skill level 5 in Stealth
  1257 | D:7      | Reached skill level 3 in Invocations
  1315 | D:7      | Reached XP level 8. HP: 19/57 MP: 0/16
  1393 | D:8      | Reached skill level 3 in Fighting
  1393 | D:8      | Reached skill level 3 in Short Blades
  1393 | D:8      | Reached skill level 3 in Long Blades
  1393 | D:8      | Reached skill level 3 in Axes
  1393 | D:8      | Reached skill level 3 in Maces & Flails
  1393 | D:8      | Reached skill level 3 in Polearms
  1393 | D:8      | Reached skill level 3 in Staves
  1393 | D:8      | Reached skill level 3 in Slings
  1393 | D:8      | Reached skill level 3 in Bows
  1393 | D:8      | Reached skill level 3 in Crossbows
  1393 | D:8      | Reached skill level 3 in Throwing
  1393 | D:8      | Reached skill level 3 in Armour
  1393 | D:8      | Reached skill level 3 in Shields
  1393 | D:8      | Reached skill level 3 in Unarmed Combat
  1393 | D:8      | Reached skill level 3 in Evocations
  1396 | D:8      | Reached skill level 6 in Spellcasting
  1401 | D:8      | HP: 2/58 [wight/halberd of freezing (4)]
  1404 | D:8      | Shot with an arrow by a centaur

Skill      XL: |  1  2  3  4  5  6  7  8 |
---------------+-------------------------+-----
Spellcasting   | 5 6 |  6.0
Fighting       | 1 2 3 |  3.2
Short Blades   | 1 2 3 |  3.2
Long Blades    | 1 2 3 |  3.2
Axes           | 1 2 3 |  3.2
Maces & Flails | 1 2 3 |  3.2
Polearms       | 1 2 3 |  3.2
Staves         | 1 2 3 |  3.2
Slings         | 1 2 3 |  3.2
Bows           | 1 2 3 |  3.2
Crossbows      | 1 2 3 |  3.2
Throwing       | 1 2 3 |  3.2
Armour         | 1 2 3 |  3.2
Shields        | 1 2 3 |  3.2
Unarmed Combat | 1 2 3 |  3.2
Invocations    | 1 2 3 |  3.5
Evocations     | 1 2 3 |  3.2
Conjurations   | 1 2 |  2.6
Hexes          | 1 2 |  2.6
Charms         | 1 2 |  2.6
Summonings     | 1 2 |  2.6
Translocations | 1 2 |  2.6
Transmutations | 1 2 |  2.6
Fire Magic     | 1 2 |  2.6
Ice Magic      | 1 2 |  2.6
Air Magic      | 1 2 |  2.6
Earth Magic    | 1 2 |  2.6
Poison Magic   | 1 2 |  2.6
Dodging        | 5 |  5.6
Stealth        | 5 |  5.3
Necromancy     | |  7.6

Action                   |  1- 3 |  4- 6 |  7- 9 || total
-------------------------+-------+-------+-------++-------
Melee: Short sword       |     3 |       |       ||     3
       Rapier            |     2 |   102 |    46 ||   150
       Bite              |       |    14 |     7 ||    21
       Punch             |       |     2 |       ||     2
Throw: Tomahawk          |       |     2 |    10 ||    12
       Throwing net      |       |       |     2 ||     2
 Cast: Pain              |    35 |    13 |    14 ||    62
       Vampiric Draining |     1 |     1 |     4 ||     6
       Regeneration      |       |     6 |     8 ||    14
       Animate Skeleton  |       |       |     2 ||     2
       Borgnjor's Vile C |       |       |     1 ||     1
Evoke: Wand              |       |       |     8 ||     8
  Use: Scroll            |     6 |     1 |     5 ||    12
       Potion            |       |       |     3 ||     3
 Stab: Sleeping          |     4 |     5 |     3 ||    12
       Distracted        |       |       |     1 ||     1
  Eat: Chunk             |       |     1 |     1 ||     2
Armor: Robe              |     1 |    19 |     8 ||    28
Dodge: Dodged            |     9 |    78 |    63 ||   150

Table legend:
 A = Turns spent in this place as a percentage of turns spent in the entire game.
 B = Non-inter-level travel turns spent in this place as a percentage of non-inter-level travel turns spent in the entire game.
 C = Inter-level travel turns spent in this place as a percentage of turns spent in this place.
 D = Turns resting spent in this place as a percentage of non-inter-level travel turns spent in this place.
 E = Turns spent auto-exploring this place as a percentage of non-inter-level travel turns spent in this place.
 F = Non-inter-level travel turns spent in this place divided by the number of levels of this place that you've seen.
                   A       B       C       D       E      F
               +-------+-------+-------+-------+-------+----------------------
         Total | 100.0 | 100.0 |   0.6 |   0.0 |   0.0 | 155.1
       Dungeon |  98.6 |  99.2 |   0.0 |   0.0 |   0.0 | 173.1
        Temple |   1.4 |   0.8 |  42.1 |   0.0 |   0.0 |  11.0
               +-------+-------+-------+-------+-------+----------------------

Table legend:
 A = Kills in this place as a percentage of kills in entire the game.
 B = Kills by you in this place as a percentage of kills by you in the entire game.
 C = Kills by friends in this place as a percentage of kills by friends in the entire game.
 D = Other kills in this place as a percentage of other kills in the entire game.
 E = Experience gained in this place as a percentage of experience gained in the entire game.
 F = Experience gained in this place divided by the number of levels of this place that you have seen.
                   A       B       C       D       E      F
               +-------+-------+-------+-------+-------+----------------------
         Total | 100.0 | 100.0 | 100.0 |   N/A | 100.0 | 194.8
       Dungeon | 100.0 | 100.0 | 100.0 |   N/A | 100.0 | 219.1
               +-------+-------+-------+-------+-------+----------------------

Vault maps used:
D:1:      elethiomel_arrival_maze
D:2:      bloody_trog, minmay_tree_intersection
D:3:      hangedman_feature_mirror
D:4:      temple_fountains, uniq_ijyb
D:5:      old_standard_altar, first_ration, basic_altar
D:6:      grunt_qazlal_sundering
D:7:      the_bakery, minivault_22, minmay_hedge_maze, uniq_duvessa
D:8:      lemuel_blue_sif_altar, basic_altar
Temple:   compressed_dpeg_circular_temple
